 Dungeon Crawl Stone Soup version 0.31.0-32-g396128a36d (webtiles) character file.

Game seed: 2065526251098187691

385 monsoonserge the Sneak (level 6, -6/43 HPs)
             Began as an Octopode Cinder Acolyte on Mar 18, 2024.
             Was a High Priest of Ignis.
             Mangled by Sigmund
             ... wielding a +0 scythe
              (10 damage)
             ... on level 3 of the Dungeon.
             The game lasted 00:08:45 (1742 turns).

monsoonserge the Sneak (Octopode Cinder Acolyte)    Turns: 1742, Time: 00:08:47

Health: -6/43      AC:  1    Str: 21    XL:     6   Next: 77%
Magic:  4/7        EV: 12    Int: 16    God:    Ignis [*****.]
Gold:   64         SH:  0    Dex:  8    Spells: 5/7 levels left

rFire   + + .        q - staff of fire
rCold   . . .        (no shield)
rNeg    . . .        (helmet restricted)
rPois   .            (no amulet)
rElec   .            j - +6 ring of strength
rCorr   .            t - +4 ring of slaying
SInv    .            (no ring)
Will    .....        (no ring)
Stlth   +++          (no ring)
HPRegen 0.27/turn    (no ring)
MPRegen 0.10/turn    (no ring)
                     (no ring)

%: no passive effects
@: no status effects
A: almost no armour, amphibious, 8 rings, camouflage 1, gelatinous body 1,
(nimble swimmer 1), tentacles
a: Renounce Religion, Fiery Armour, Foxfire Swarm, Rising Flame


You were on level 3 of the Dungeon.
You worshipped Ignis.
Ignis was extremely pleased with you.
You visited 1 branch of the dungeon, and saw 3 of its levels.

You collected 64 gold pieces.

Inventory:

Hand Weapons
 a - a -1 mace of flaming
Missiles
 f - 11 poisoned darts
 u - 4 curare-tipped darts (quivered)
Magical Staves
 q - a staff of fire (weapon)
Jewellery
 j - a +6 ring of strength (left tentacle)
 t - a +4 ring of slaying (right tentacle)
Scrolls
 b - a scroll of identify {unknown}
 d - 2 scrolls of poison
 e - a scroll of torment {unknown}
 g - a scroll of acquirement {unknown}
 h - 2 scrolls of blinking
 i - 2 scrolls of teleportation {unknown}
 m - a scroll of silence {unknown}
 s - a scroll of fog {unknown}
Potions
 c - 2 potions of ambrosia {unknown}
 k - a potion of resistance {unknown}
 l - a potion of curing {unknown}
 n - a potion of brilliance {unknown}
 o - a potion of attraction {unknown}
 p - a potion of mutation {unknown}
 r - a potion of might {unknown}
 v - a potion of magic {unknown}


   Skills:
 + Level 3.9 Fighting
 - Level 3.7(4.0) Maces & Flails
 * Level 2.1(3.2) Staves
 + Level 1.8 Dodging
 - Level 4.0 Stealth
 + Level 1.0 Unarmed Combat
 - Level 1.0 Spellcasting
 + Level 3.8 Fire Magic
 * Level 2.3 Evocations


You had 5 spell levels left.
You knew the following spells:

 Your Spells              Type           Power      Damage    Failure   Level
a - Scorch                Fire           38%        2d6       7%          2

Your spell library contained the following spells:

 Spells                   Type           Power      Damage    Failure   Level


Dungeon Overview and Level Annotations

Branches:
Dungeon (3/15)

Altars:
Xom

Annotations:
D:3 Sigmund


Innate Abilities, Weirdness & Mutations

You cannot wear most types of armour.
You are amphibious.
You can wear up to eight rings at the same time.
Your skin changes colour to match your surroundings (Stealth+).
Your rubbery body absorbs attacks. (AC +1, EV +1)
((You are camouflaged when in or above water. (Stealth+)))
You have tentacles for arms and can constrict up to eight enemies at once.


Message History

Your Stealth skill increases to level 4!
Unknown command.
Casting: Scorch (safe; 8% risk of failure)
Confirm with . or Enter, or press ? or * to list all spells.
You feel a surge of power!
Flames lash the adder.
The adder is severely wounded.
The adder's fire resistance burns away.
You feel sick. The adder bites you.
You miss the adder. You grab the adder.
The adder is severely wounded.
You constrict the adder.
You feel sick. The adder bites you but does no damage. The adder bites you.
* * * LOW HITPOINT WARNING * * *
You hit the adder. You squeeze the adder.
You kill the adder!
You feel sick.
Sigmund the Dreaded comes into view.
He is wielding a +0 scythe.
You aren't carrying any items that you can evoke.
Throw: 6 darts (curare)
Press: ? - help, Q - select action, (/) - cycle Shift-Dir - straight line, f - Sigmund
Aim: Sigmund, wielding a +0 scythe and wearing a +0 robe (53% to hit)
You throw a curare-tipped dart.
The curare-tipped dart closely misses Sigmund.
You feel sick. Sigmund misses you. The hobgoblin closely misses you.
Throw: 5 darts (curare)
Press: ? - help, Q - select action, (/) - cycle Shift-Dir - straight line, f/p - Sigmund
Aim: Sigmund, wielding a +0 scythe and wearing a +0 robe (53% to hit)
You throw a curare-tipped dart. The curare-tipped dart hits Sigmund.
Sigmund is poisoned.
Sigmund struggles to breathe.
Sigmund seems to slow down.
Sigmund is moderately wounded.
You feel sick. The hobgoblin hits you.
* * * LOW HITPOINT WARNING * * *
You feel sick.
You hit the hobgoblin but do no damage. You grab the hobgoblin.
You constrict the hobgoblin.
You feel sick.
You are no longer poisoned.
The hobgoblin misses you.
Sigmund hits you from afar with a +0 scythe!
You die...
Sigmund begins carving another notch in his scythe.

#...... #......# #......#
#......# .# #......# .#
#......# .# #..?...##(###
#.)...g.@.$.# #.....@.....#
#####.......# #.......#
#.......# #.......##
#..........
##########.......###
......(...........$.
#......####################


You could see Sigmund (very poisoned, slow) and a hobgoblin.

Vanquished Creatures
  Grinder (D:3)
  A scorpion (D:3)
  4 adders
  A ribbon worm (D:2)
  2 dart slugs (D:2)
  4 ball pythons
  9 endoplasms
  3 giant cockroaches
  6 goblins
  6 hobgoblins
  8 kobolds
  2 quokkas
  7 bats
  2 frilled lizards (D:1)
  7 rats
63 creatures vanquished.

Notes
Turn   | Place    | Note
-------+----------+-------------------------------------------
     0 | D:1      | monsoonserge the Octopode Cinder Acolyte began the quest
                  | for the Orb.
     0 | D:1      | Reached XP level 1. HP: 16/16 MP: 2/2
    81 | D:1      | Reached XP level 2. HP: 18/21 MP: 3/3
   336 | D:1      | Learned a level 2 spell: Scorch
   474 | D:1      | Reached XP level 3. HP: 26/26 MP: 4/4
   979 | D:2      | Reached XP level 4. HP: 31/31 MP: 5/5
   994 | D:2      | Reached skill level 1 in Stealth
  1153 | D:2      | Found a shimmering altar of Xom.
  1203 | D:2      | Found a faded altar of an unknown god.
  1238 | D:2      | Reached skill level 1 in Unarmed Combat
  1361 | D:2      | Reached skill level 2 in Stealth
  1581 | D:3      | Noticed Grinder
  1589 | D:3      | Killed Grinder
  1590 | D:3      | Reached skill level 1 in Staves
  1590 | D:3      | Reached skill level 1 in Dodging
  1590 | D:3      | Reached skill level 3 in Stealth
  1590 | D:3      | Reached XP level 5. HP: 7/37 MP: 1/6
  1590 | D:3      | Reached XP level 6. HP: 8/43 MP: 1/7
  1736 | D:3      | Reached skill level 4 in Stealth
  1738 | D:3      | Noticed Sigmund
  1742 | D:3      | Mangled by Sigmund

Illustrated notes

Levels and vault maps discovered:
D:1:      psy_arrival_terrarium, layout_loops_cross
D:2:      layout_loops_ring, basic_altar,
          hellmonk_ecumenical_altar_heavens_door, corexii_hall_statues_l
D:3:      layout_basic, uniq_sigmund, uniq_grinder

Skill      XL: |  1  2  3  4  5  6 |
---------------+-------------------+-----
Stealth        | 3 4 |  4.0
Unarmed Combat | 1 |  1.0
Staves         | 1 2 |  2.1
Dodging        | 1 |  1.8
Evocations     | 2 |  2.3
Fighting       | |  3.9
Maces & Flails | |  3.7
Spellcasting   | |  1.0
Fire Magic     | |  3.8

Action                     |  1- 3 |  4- 6 || total
---------------------------+-------+-------++-------
  Melee: Mace              |    79 |    14 ||    93
         Constrict         |    15 |    10 ||    25
         Tentacles         |     5 |     3 ||     8
         Staff             |       |    23 ||    23
         Punch             |       |     1 ||     1
  Throw: Dart              |       |     2 ||     2
   Cast: Scorch            |       |     8 ||     8
    Use: Scroll            |     1 |     1 ||     2
   Stab: Sleeping          |     6 |     5 ||    11
         Distracted        |       |     1 ||     1
 Armour: Skin              |    57 |    21 ||    78
  Dodge: Dodged            |    47 |    18 ||    65
